 Dungeon Crawl Stone Soup version 0.21.1-1-g345015fe64 (webtiles) character file.

48818 Lavandula the Fencer (level 14, -1/113 HPs)
             Began as a Barachi Earth Elementalist on July 26, 2018.
             Was a High Priest of Cheibriados.
             Shot with a sling bullet by a satyr (23 damage)
             ... on level 3 of the Shoals on July 27, 2018.
             The game lasted 01:04:51 (7983 turns).

Lavandula the Fencer (Barachi Earth Elementalist)   Turns: 7983, Time: 01:04:53

Health: -1/113     AC: 14    Str: 23    XL:     14   Next: 48%
Magic:  16/31      EV: 17    Int: 35    God:    Cheibriados [*****.]
Gold:   538        SH:  5    Dex: 27    Spells: 7/22 levels left

rFire    . . .     SeeInvis .   m - +6 great sword (flame)
rCold    . . .     Gourm    .   (shield currently unavailable)
rNeg     . . .     Faith    .   F - +1 troll leather armour
rPois    .         Spirit   .   q - +2 helmet
rElec    .         Reflect  +   (no cloak)
rCorr    +         Harm     .   U - +2 pair of gloves
MR       +....                  I - +2 pair of boots
Stlth    ++........             s - +5 amulet of reflection
HPRegen  0.68/turn              v - ring of magical power
MPRegen  0.22/turn              Z - ring of resist corrosion

@: can't hop, very slow
A: +LOS, swims, slowness 1, strong legs 2
a: Hop, Bend Time, Temporal Distortion, Slouch, Step From Time, Renounce
Religion


You were on level 3 of the Shoals.
You worshipped Cheibriados.
Cheibriados was extremely pleased with you.
You were not hungry.

You visited 5 branches of the dungeon, and saw 24 of its levels.

You collected 1207 gold pieces.
You spent 669 gold pieces at shops.

Inventory:

Hand Weapons
 i - a +3 great sword of holy wrath
 m - a +6 great sword of flaming (weapon)
 G - a +0 dagger of flaming
Missiles
 b - 46 stones (quivered)
 c - 2 throwing nets
Armour
 g - a scarf of spirit shield
 q - a +2 helmet (worn)
 F - a +1 troll leather armour (worn)
 I - a +2 pair of boots (worn)
 U - a +2 pair of gloves (worn)
 Y - a +0 chain mail of fire resistance
Magical Staves
 B - an uncursed staff of energy
 K - an uncursed staff of earth
Jewellery
 s - a +5 amulet of reflection (around neck)
 t - an uncursed ring of protection from cold
 v - a ring of magical power (left hand)
 y - an uncursed ring of see invisible
 z - an uncursed ring of wizardry
 E - a +2 ring of dexterity
 M - a +2 ring of intelligence
 R - an uncursed amulet of guardian spirit {unknown}
 T - an uncursed ring of protection from cold
 Z - a ring of resist corrosion (right hand)
Wands
 n - a wand of paralysis (9)
Scrolls
 e - a scroll of remove curse
 f - 3 scrolls of immolation
 h - 5 scrolls of random uselessness {unknown}
 j - 6 scrolls of teleportation
 k - 2 scrolls of magic mapping
 u - 4 scrolls of blinking
 x - a scroll of fear
 D - 6 scrolls of fog
 O - 2 scrolls of amnesia
 S - 2 scrolls of silence
Potions
 l - a potion of lignification
 o - a potion of magic {unknown}
 r - a potion of agility
 C - a potion of might {unknown}
 H - a potion of curing
 J - 3 potions of brilliance
 L - a potion of mutation {unknown}
 P - a potion of flight {unknown}
 Q - a potion of cancellation {unknown}
 V - 2 potions of heal wounds
 W - a potion of invisibility
Miscellaneous
 a - a fan of gales
 p - a crystal ball of energy
 w - a lightning rod (4/4)
Comestibles
 d - 22 rations


   Skills:
 - Level 11.5 Fighting
 + Level 17.2 Long Blades
 - Level 1.3 Armour
 - Level 5.1 Dodging
 - Level 1.7 Stealth
 - Level 4.9 Spellcasting
 - Level 1.1 Transmutations
 - Level 9.9 Earth Magic
 - Level 11.0 Invocations
 - Level 5.0 Evocations


You had 7 spell levels left.
You knew the following spells:

 Your Spells              Type           Power        Failure   Level  Hunger
a - Sandblast             Erth           ######       1%          1    None
b - Stone Arrow           Conj/Erth      #####.       1%          3    None
c - Petrify               Tmut/Erth      #####...     4%          4    ###....
d - Lee's Rapid Deconstr  Erth           ######....   2%          5    #####..
f - Animate Skeleton      Necr           N/A          4%          1    None
g - Apportation           Tloc           #.....       4%          1    None


Dungeon Overview and Level Annotations

Branches:
Dungeon (12/15)            Temple (1/1) D:4            Lair (6/6) D:9
 Shoals (3/4) Lair:3        Slime (0/5) Lair:5          Orc (2/2) D:10
    Elf (0/3) Orc:2
  Snake: Lair:2-4    Spider: Lair:2-4

Altars:
Cheibriados
Gozag
Hepliaklqana
Makhleb
Nemelex Xobeh
Okawaru
Ru
Sif Muna
Trog
Uskayaw
Vehumet
Wu Jian
Xom
Yredelemnul
The Shining One
Beogh

Shops:
D:6 }   D:10 *   Orc:2 !*?[%   Shoals:1 %

Annotations:
D:8 imnir's ghost, novice HOFi


Innate Abilities, Weirdness & Mutations

Shadows flee at your approach. (+LOS)
You can swim through water.
You cover ground slowly.
You can hop long distances.


Message History

You hear a splash.
The faun shoots a stone.
The stone hits you.
* * * LOW HITPOINT WARNING * * *
You hear a splash.
Unknown command.
The satyr plays a rousing melody on his pipes!
The faun goes into a battle-frenzy!
The faun points at you and mumbles some strange words.
You resist with some effort.
The satyr plays a frightful melody on his pipes!
The satyr radiates an aura of fear!
You are terrified of the satyr!
Unknown command.
You are no longer terrified.
The faun shoots a stone.
The stone hits you but does no damage.
You hear a splash.
The faun shoots a stone.
The stone misses you.
You hear a splash.
The satyr shoots a sling bullet.
The sling bullet hits you!!
You die...

##################### #
≈≈≈≈≈≈≈≈≈≈≈≈≈≈≈≈≈≈≈≈≈ ≈≈
≈≈≈≈≈≈≈≈≈≈≈≈≈≈≈≈≈≈≈≈≈ ≈≈≈
≈≈≈≈≈≈≈≈≈≈@≈≈≈≈≈≈≈≈≈≈ ≈≈≈≈
≈≈≈≈≈≈≈≈(≈≈≈≈≈≈≈≈≈≈≈≈ ≈≈≈≈≈
≈≈≈≈≈≈≈≈§§§≈≈≈≈≈≈≈≈≈≈≈≈≈≈≈≈
≈≈≈≈≈≈≈≈§§§≈≈≈≈≈≈≈≈≈≈≈≈≈≈≈≈
≈≈≈≈≈≈≈≈§§≈(≈(≈≈≈≈≈≈≈≈≈≈≈≈≈
.≈≈≈≈≈≈≈≈≈((≈≈≈≈≈≈≈≈≈≈≈≈≈≈≈
..≈≈≈≈≈≈≈)≈≈≈≈≈≈≈≈≈≈≈≈≈≈≈≈≈
....≈≈≈≈≈≈≈≈≈≈≈≈≈≈≈≈≈≈≈≈≈≈≈
..c≈≈≈≈≈≈≈≈c≈≈≈≈≈..≈≈≈≈≈≈≈≈


You could see a satyr and a faun.

Vanquished Creatures
  Snorg (Lair:5)
  An ettin (Orc:1)
  The ghost of terminal the Severer, a journeyman HOBe of Trog (Lair:1)
  3 catoblepae (Lair:6)
  2 hydras
  A merfolk aquamancer (Shoals:1)
  A merfolk avatar (Shoals:2)
  A satyr (Shoals:3)
  2 two-headed ogres
  7 death yaks (Lair:6)
  An alligator snapping turtle (Shoals:1)
  4 sea snakes
  7 orc knights (Orc:2)
  6 fauns
  A cyclops (Orc:2)
  An orc sorcerer (Orc:2)
  5 manticores
  2 merfolk sirens
  4 spiny frogs
  A komodo dragon (Lair:2)
  The ghost of Gunterle the Slasher, a novice OpFi (D:5)
  3 rime drakes
  9 merfolk
  A polar bear (Lair:6)
  3 trolls
  Prince Ribbit (D:6)
  A wind drake (Shoals:2)
  14 blink frogs
  5 hippogriffs
  3 snapping turtles
  3 wyverns
  3 water elementals (Shoals:1)
  4 basilisks
  24 yaks
  A hungry ghost (D:11)
  6 wargs (Orc:2)
  2 water moccasins
  4 ice beasts
  27 orc warriors
  4 porcupines
  A phantom (D:7)
  4 sky beasts
  15 ogres
  4 centaurs
  10 crocodiles
  7 bullfrogs
  A wyvern zombie (D:10)
  3 scorpions
  A water moccasin skeleton (D:10)
  7 killer bees
  4 wights (D:6)
  2 howler monkeys
  A crimson imp (D:7)
  3 jellies
  A centaur skeleton (D:9)
  A gnoll shaman (Orc:2)
  A quasit (D:10)
  8 orc priests
  4 hounds
  9 orc wizards
  2 iguanas
  Terence (D:2)
  5 worker ants
  A killer bee zombie (D:7)
  A hound zombie (D:5)
  4 hound skeletons
  Robin (D:1)
  6 gnolls
  9 adders
  An ooze (D:2)
  An adder zombie (D:7)
  An adder skeleton (D:8)
  3 dart slugs
  3 leopard geckos
  67 orcs
  2 ball pythons (D:4)
  6 bats
  3 giant cockroaches
  13 goblins
  8 hobgoblins
  11 jackals
  6 kobolds
  A quokka (D:4)
  4 frilled lizards
  A leopard gecko skeleton (D:4)
  A leopard gecko zombie (D:6)
  6 rats
426 creatures vanquished.

Vanquished Creatures (others)
  5 fungi
  12 plants
17 creatures vanquished.

Grand Total: 443 creatures vanquished

Notes
Turn   | Place    | Note
-------+----------+-------------------------------------------
     0 | D:1      | Lavandula the Barachi Earth Elementalist began the quest for the Orb.
     0 | D:1      | Reached XP level 1. HP: 13/13 MP: 3/3
   146 | D:1      | Reached XP level 2. HP: 17/19 MP: 0/5
   294 | D:2      | Noticed Robin
   304 | D:1      | Killed Robin
   304 | D:1      | Reached XP level 3. HP: 24/24 MP: 0/8
   504 | D:2      | Reached XP level 4. HP: 28/30 MP: 3/10
   510 | D:2      | Learned a level 3 spell: Stone Arrow
   530 | D:2      | Learned a level 4 spell: Petrify
   658 | D:2      | Noticed Terence
   660 | D:2      | Reached XP level 5. HP: 34/35 MP: 4/11
   669 | D:2      | Killed Terence
  1109 | D:4      | Found a staircase to the Ecumenical Temple.
  1130 | Temple   | Entered the Ecumenical Temple
  1184 | Temple   | Became a worshipper of Cheibriados the Contemplative
  1220 | D:4      | Learned a level 5 spell: Lee's Rapid Deconstruction
  1233 | D:4      | Noticed an ogre
  1238 | D:4      | Killed an ogre
  1238 | D:4      | Reached skill level 2 in Long Blades
  1238 | D:4      | Reached XP level 6. HP: 41/41 MP: 6/13
  1261 | D:5      | Entered Level 5 of the Dungeon
  1270 | D:4      | Noticed a sky beast
  1282 | D:4      | Reached skill level 3 in Long Blades
  1310 | D:4      | Killed a sky beast
  1310 | D:4      | Reached skill level 5 in Earth Magic
  1374 | D:4      | Reached XP level 7. HP: 46/46 MP: 11/14
  1384 | D:4      | Got a faintly glowing scale mail
  1445 | D:4      | Reached * piety under Cheibriados
  1476 | D:4      | Reached skill level 4 in Long Blades
  1492 | D:5      | Found a burning altar of Makhleb.
  1662 | D:5      | Noticed Gunterle's ghost (novice OpFi)
  1680 | D:5      | Killed Gunterle's ghost
  1680 | D:5      | Reached skill level 6 in Long Blades
  1680 | D:5      | Reached XP level 8. HP: 47/52 MP: 15/15
  1794 | D:5      | Reached skill level 1 in Fighting
  2034 | D:5      | Found a basalt altar of Yredelemnul.
  2160 | D:6      | Noticed Prince Ribbit
  2166 | D:6      | Killed Prince Ribbit
  2203 | D:6      | Reached skill level 1 in Armour
  2274 | D:6      | Found Ubem's Gadget Shoppe.
  2319 | D:6      | Reached ** piety under Cheibriados
  2319 | D:6      | Reached skill level 5 in Dodging
  2529 | D:6      | Reached XP level 9. HP: 64/67 MP: 16/16
  2816 | D:7      | Found a bloodstained altar of Trog.
  2896 | D:8      | Found a deep blue altar of Sif Muna.
  2926 | D:8      | Reached skill level 1 in Invocations
  3020 | D:8      | Noticed a two-headed ogre
  3029 | D:8      | Killed a two-headed ogre
  3029 | D:8      | Reached skill level 5 in Invocations
  3048 | D:8      | Noticed imnir's ghost (novice HOFi)
  3052 | D:9      | Found a staircase to the Lair.
  3064 | D:9      | Reached *** piety under Cheibriados
  3064 | D:9      | Reached XP level 10. HP: 60/73 MP: 13/17
  3136 | D:9      | Reached skill level 5 in Evocations
  3154 | D:9      | Reached skill level 5 in Fighting
  3300 | D:10     | Entered Level 10 of the Dungeon
  3300 | D:10     | Found a sparkling altar of Nemelex Xobeh.
  3358 | D:11     | Reached **** piety under Cheibriados
  3422 | D:10     | Learned a level 1 spell: Apportation
  3424 | D:10     | Learned a level 1 spell: Animate Skeleton
  3438 | D:10     | Found Vaoq's Island Escapes.
  3447 | D:10     | Bought a potion of invisibility for 96 gold pieces
  3447 | D:10     | Bought a scroll of blinking for 90 gold pieces
  3447 | D:10     | Bought a scroll of teleportation for 36 gold pieces
  3447 | D:10     | Bought a scroll of fog for 24 gold pieces
  3598 | D:10     | Found a roughly hewn altar of Beogh.
  3598 | D:10     | Found a staircase to the Orcish Mines.
  3604 | D:10     | Reached ***** piety under Cheibriados
  3873 | D:10     | Reached XP level 11. HP: 78/89 MP: 18/18
  4234 | Orc:1    | Entered Level 1 of the Orcish Mines
  4241 | Orc:1    | Noticed an ettin
  4253 | Orc:1    | Killed an ettin
  4253 | Orc:1    | Reached skill level 7 in Long Blades
  4335 | Orc:2    | Entered Level 2 of the Orcish Mines
  4366 | Orc:2    | Reached skill level 8 in Long Blades
  4386 | Orc:2    | Noticed an orc knight
  4405 | Orc:2    | Killed an orc knight
  4405 | Orc:2    | Reached skill level 9 in Long Blades
  4455 | Orc:2    | Noticed an orc sorcerer
  4477 | Orc:2    | Noticed an orc knight
  4500 | Orc:2    | Killed an orc knight
  4500 | Orc:2    | Reached skill level 10 in Fighting
  4549 | Orc:2    | Reached ****** piety under Cheibriados
  4641 | Orc:2    | Noticed a cyclops
  4665 | Orc:2    | Killed a cyclops
  4726 | Orc:2    | Found a staircase to the Elven Halls.
  4777 | Orc:2    | Found Pocyb's Food Emporium.
  4782 | Orc:2    | Noticed a two-headed ogre
  4789 | Orc:2    | Killed a two-headed ogre
  4833 | Orc:2    | Noticed an orc knight
  4847 | Orc:2    | Killed an orc knight
  4873 | Orc:2    | Reached skill level 10 in Long Blades
  4883 | Orc:2    | Killed an orc sorcerer
  4906 | Orc:1    | Noticed a stone giant
  4982 | Orc:2    | Noticed an orc knight
  4996 | Orc:2    | Killed an orc knight
  4996 | Orc:2    | Reached XP level 12. HP: 100/100 MP: 19/19
  5004 | Orc:2    | Found Qaab's Antique Armour Shop.
  5004 | Orc:2    | Found Ateun's Magic Scroll Emporium.
  5015 | Orc:2    | Bought a scroll of immolation for 52 gold pieces
  5015 | Orc:2    | Bought a scroll of immolation for 52 gold pieces
  5048 | Orc:2    | Found a roughly hewn altar of Beogh.
  5065 | Orc:2    | Reached skill level 11 in Long Blades
  5316 | Orc:2    | Reached skill level 12 in Long Blades
  5337 | Orc:2    | Found Saamuukk's General Store.
  5337 | Orc:2    | Found Ziegui's Distillery.
  5344 | Orc:2    | Bought a potion of lignification for 33 gold pieces
  5344 | Orc:2    | Bought a potion of agility for 44 gold pieces
  5344 | Orc:2    | Bought a potion of curing for 33 gold pieces
  5344 | Orc:2    | Bought a potion of brilliance for 44 gold pieces
  5355 | Orc:2    | Bought an uncursed ring of see invisible for 165 gold pieces
  5657 | Lair:1   | Entered Level 1 of the Lair of Beasts
  5695 | Lair:1   | Identified the cursed +0 scale mail of Ru's Benevolence {+Inv Str+3} (You found it on level 4 of the Dungeon)
  5706 | Lair:1   | Noticed terminal's ghost (journeyman HOBe)
  5748 | Lair:1   | Killed terminal's ghost
  5748 | Lair:1   | Reached skill level 13 in Long Blades
  5897 | Lair:3   | Reached skill level 14 in Long Blades
  5919 | Lair:3   | Found a staircase to the Shoals.
  6006 | Lair:5   | Gained mutation: You can hop long distances. [Barachi growth]
  6006 | Lair:5   | Reached XP level 13. HP: 63/106 MP: 20/20
  6014 | Lair:5   | Found a staircase to the Slime Pits.
  6016 | Lair:5   | Noticed Snorg
  6026 | Lair:5   | Killed Snorg
  6096 | Lair:6   | Entered Level 6 of the Lair of Beasts
  6447 | Lair:6   | Reached skill level 10 in Invocations
  7056 | Lair:3   | Reached skill level 15 in Long Blades
  7129 | Shoals:1 | Entered Level 1 of the Shoals
  7146 | Shoals:1 | HP: 4/106 [alligator snapping turtle (41)]
  7149 | Shoals:1 | Reached XP level 14. HP: 7/113 MP: 18/22
  7351 | Shoals:1 | Found Kifemiq's Food Shop.
  7423 | Shoals:1 | Reached skill level 16 in Long Blades
  7927 | Shoals:3 | Reached skill level 17 in Long Blades
  7983 | Shoals:3 | Shot with a sling bullet by a satyr

Skill      XL: |  1  2  3  4  5  6  7  8  9 10 11 12 13 14 |
---------------+-------------------------------------------+-----
Spellcasting   | 3 4 |  4.9
Earth Magic    | 4 5 6 8 9 |  9.9
Long Blades    | 2 3 6 10 14 15 17 | 17.2
Fighting       | 4 9 11 | 11.5
Armour         | 1 |  1.3
Dodging        | 5 |  5.1
Invocations    | 5 11 | 11.0
Evocations     | 2 5 |  5.0
Stealth        | |  1.7
Transmutations | |  1.1

Action                   |  1- 3 |  4- 6 |  7- 9 | 10-12 | 13-15 || total
-------------------------+-------+-------+-------+-------+-------++-------
Melee: Unarmed           |    20 |       |       |       |       ||    20
       Dagger            |     3 |       |       |       |       ||     3
       Long sword        |       |     3 |       |       |       ||     3
       Falchion          |       |    33 |     6 |    59 |       ||    98
       Quarterstaff      |       |       |    12 |    12 |       ||    24
       Great sword       |       |       |       |   155 |   176 ||   331
       Scimitar          |       |       |       |    28 |       ||    28
 Cast: Sandblast         |    41 |    49 |   100 |   172 |    55 ||   417
       Stone Arrow       |       |     9 |    16 |    56 |    34 ||   115
       Lee's Rapid Decon |       |       |     3 |    14 |     9 ||    26
       Petrify           |       |       |       |    14 |     8 ||    22
Invok: Slouch            |       |       |       |     1 |     5 ||     6
       Step From Time    |       |       |       |       |     1 ||     1
 Abil: Hop               |       |       |     2 |     7 |     5 ||    14
Evoke: Wand              |       |       |       |    13 |    25 ||    38
       Lightning rod     |       |       |       |       |     4 ||     4
  Use: Scroll            |       |       |     9 |    10 |     3 ||    22
       Potion            |       |       |       |     4 |     5 ||     9
 Stab: Sleeping          |       |     2 |       |     1 |     1 ||     4
       Invisible         |       |       |       |     2 |       ||     2
       Petrified         |       |       |       |    29 |    17 ||    46
       Petrifying        |       |       |       |     5 |       ||     5
  Eat: Chunk             |       |     2 |     6 |    11 |     8 ||    27
Armor: Robe              |    20 |    14 |    20 |     6 |       ||    60
       Troll leather arm |       |       |       |   117 |    52 ||   169
Dodge: Dodged            |    54 |    50 |    56 |   379 |   150 ||   689
Block: Other             |       |       |       |       |    50 ||    50
       Reflection        |       |       |       |       |     4 ||     4
       Rpst.: Falchion   |       |     9 |     5 |    24 |       ||    38
       Long sword        |       |     1 |       |       |       ||     1
       Great sword       |       |       |       |    77 |    27 ||   104
       Scimitar          |       |       |       |     5 |       ||     5
